 Dungeon Crawl Stone Soup version 0.30-a0-310-g7d6cbdfea6 (webtiles) character file.

Game seed: 6236106503031341883

2107 koil the Covert (level 9, -1/46 HPs)
             Began as a Spriggan Brigand on Oct 24, 2022.
             Was a Follower of Wu Jian.
             Slain by a gnoll
             ... wielding a +0 spear of freezing
             ... led by a gnoll sergeant
              (7 damage)
             ... on level 7 of the Dungeon.
             The game lasted 00:20:03 (8879 turns).

koil the Covert (Spriggan Brigand)                  Turns: 8879, Time: 00:20:03

Health: -1/46      AC:  3    Str: 16    XL:     9   Next: 7%
Magic:  18/18      EV: 21    Int: 16    God:    Wu Jian [*.....]
Gold:   437        SH:  0    Dex: 17    Spells: 16/19 levels left

rFire   . . .      SeeInvis +    a - +3 dagger
rCold   + + +      Faith    .    (no shield)
rNeg    . . .      Spirit   .    b - +0 robe
rPois   +          Reflect  .    n - +0 hat
rElec   .          Harm     .    c - +0 cloak
rCorr   .          Rampage  .    (gloves unavailable)
Will    +....                    (boots unavailable)
Stlth   +++++.....               (no amulet)
HPRegen 0.27/turn                w - ring of Afreipuef {rPois rC+++ Str+3 SInv}
MPRegen 0.16/turn                t - +6 ring of strength

@: very quick
A: very small, no large weapons, unfitting armour, see invisible, speed 3
a: Renounce Religion


You were on level 7 of the Dungeon.
You worshipped Wu Jian.
Wu Jian was aware of your devotion.
You visited 2 branches of the dungeon, and saw 8 of its levels.

You collected 437 gold pieces.

Inventory:

Hand Weapons
 a - a +3 dagger (weapon)
 p - a +2 dagger
 u - the +5 mace "Penuon" {drain, Will+}
   (You found it on level 7 of the Dungeon)

   A truly terrible weapon, it drains the life of any living foe it strikes.
   Will:      It increases your willpower.
Missiles
 d - 21 poisoned darts (quivered)
 e - 3 curare-tipped darts
Armour
 b - a +0 robe (worn)
 c - a +0 cloak (worn)
 n - a +0 hat (worn)
Magical Staves
 r - a staff of death
Jewellery
 o - a ring of ice
 t - a +6 ring of strength (right hand)
 w - the ring of Afreipuef (left hand) {rPois rC+++ Str+3 SInv}
   (You found it on level 4 of the Dungeon)

   [ring of see invisible]

   Str:       It affects your strength (+3).
   rC:        It renders you almost immune to cold.
   rPois:     It protects you from poison.
   SInv:      It lets you see invisible.
Wands
 l - a wand of roots (9)
 q - a wand of polymorph (9)
Scrolls
 g - a scroll of fear
 j - 4 scrolls of teleportation
 s - a scroll of immolation
 y - 3 scrolls of identify
 z - a scroll of enchant weapon {unknown}
Potions
 f - a potion of mutation
 h - a potion of resistance
 i - 6 potions of curing
 k - 2 potions of haste
 m - a potion of lignification
 x - a potion of degeneration {unknown}


   Skills:
 + Level 4.7 Fighting
 + Level 6.2 Short Blades
 - Level 2.0 Throwing
 + Level 7.1 Dodging
 - Level 10.0 Stealth
 - Level 5.5 Spellcasting
 + Level 2.5 Hexes


You had 16 spell levels left.
You knew the following spells:

 Your Spells              Type           Power      Damage    Failure   Level
a - Dazzling Flash        Conj/Hex       16%        N/A       26%         3

Your spell library contained the following spells:

 Spells                   Type           Power      Damage    Failure   Level
 Magic Dart               Conj           16%        1d3       14%         1
 Tukima's Dance           Hex            12%        N/A       16%         3
 Searing Ray              Conj           8%         2d4       22%         2
 Hailstorm                Conj/Ice       4%         3d4       41%         3
 Fulminant Prism          Conj/Hex       4%         3d6       65%         4
 Ice Form                 Ice/Tmut       4%         N/A       82%         4
 Passage of Golubria      Tloc           4%         N/A       82%         4
 Silence                  Hex/Air        4%         N/A       94%         5
 Yara's Violent Unravell  Hex/Tmut       4%         3d4       94%         5
 Agony                    Necr           4%         N/A       99%         5
 Simulacrum               Ice/Necr       2%         N/A       100%        6


Dungeon Overview and Level Annotations

Branches:
Dungeon (7/15)             Temple (1/1) D:4

Altars:
Cheibriados
Dithmenos
Elyvilon
Fedhas
Gozag
Hepliaklqana
Kikubaaqudgha
Makhleb
Nemelex Xobeh
Okawaru
Ru
Sif Muna
Trog
Uskayaw
Vehumet
Wu Jian
Xom
Yredelemnul
Zin
The Shining One


Innate Abilities, Weirdness & Mutations

You are very small and have problems with some larger weapons.
You are too small for most types of armour.
You have supernaturally acute eyesight. (SInv)
You cover ground extremely quickly. (Speed+++)


Message History

The kobold brigand hits you with a +0 club.
The gnoll sergeant misses you.
Throw: 23 darts (poison)
Press: ? - help, Q - select action, (/) - cycle Shift-Dir - straight line, f/p - kobold brigand
Aim: a kobold brigand, wielding a +0 club and quivering poisoned darts (moderately wounded, 56% to hit)
You throw a poisoned dart.
The poisoned dart hits the kobold brigand.
The kobold brigand is poisoned.
The kobold brigand is moderately wounded.
The gnoll hits you from afar with a +0 spear of freezing.
The kobold brigand hits you but does no damage.
The gnoll sergeant closely misses you.
Throw: 22 darts (poison)
Press: ? - help, Q - select action, (/) - cycle Shift-Dir - straight line, f/p - kobold brigand
Aim: a kobold brigand, wielding a +0 club and quivering poisoned darts (heavily wounded, poisoned, 56% to hit)
You throw a poisoned dart.
The poisoned dart hits the kobold brigand.
The kobold brigand looks even sicker.
The kobold brigand is heavily wounded.
The gnoll hits you but does no damage.
The gnoll sergeant hits you from afar with a +0 trident.
* * * LOW HITPOINT WARNING * * *
The kobold brigand misses you.
You hit the kobold brigand.
The kobold brigand is heavily wounded.
The gnoll closely misses you.
The gnoll sergeant hits you from afar with a +0 trident.
* * * LOW HITPOINT WARNING * * *
The kobold brigand barely misses you.
You closely miss the kobold brigand.
The kobold brigand is heavily wounded.
You barely miss the kobold brigand.
The kobold brigand is severely wounded.
The gnoll barely misses you. The kobold brigand barely misses you.
The gnoll sergeant hits you from afar with a +0 trident.
* * * LOW HITPOINT WARNING * * *
You hit the kobold brigand.
The kobold brigand is severely wounded.
The gnoll hits you from afar with a +0 spear of freezing!
You die...

###.###############.#...(
.........# #.....#.#....
###.####.####.#.....#....
#.####.##...#.#.###....
#...........#.#.# #....
####.######...#.# #....
#....#....#.#.#.# #....
#.#.g###..#...#.###.#.. #
#..K@...#.###.#......
#.#'g###..#.###.#.#....
#....#....#...#.#.#####
+....######...#.#+#####
##..KK.........#.......#
.......gK........#.......#
.........g(g.....#...(...#
#.................#.......#
#............(....#.......#


You could see a kobold brigand (very poisoned), a gnoll sergeant and a gnoll.

Vanquished Creatures
  A water moccasin (D:5)
  3 ice beasts
  2 black bears (D:6)
  3 ogres
  A centaur (D:6)
  A phantom (D:6)
  A necrophage (D:6)
  4 scorpions
  A howler monkey (D:6)
  5 hounds
  5 jellies
  3 orc priests
  3 iguanas
  3 orc wizards
  2 gnolls (D:7)
  9 adders
  A shadow imp (D:7)
  5 white imps
  5 worms
  12 orcs
  6 endoplasms
  4 giant cockroaches
  7 goblins
  9 hobgoblins
  10 jackals
  15 kobolds
  4 quokkas
  3 ball pythons (D:2)
  4 bats
  2 frilled lizards
  A goblin zombie (D:7)
  8 rats
  A rat zombie (D:7)
144 creatures vanquished.

Notes
Turn   | Place    | Note
-------+----------+-------------------------------------------
     0 | D:1      | koil the Spriggan Brigand began the quest for the Orb.
     0 | D:1      | Reached XP level 1. HP: 10/10 MP: 2/2
   184 | D:1      | Reached skill level 6 in Stealth
   216 | D:1      | Reached XP level 2. HP: 15/15 MP: 2/4
   442 | D:1      | Reached skill level 1 in Spellcasting
   936 | D:2      | Reached XP level 3. HP: 14/18 MP: 5/5
  1417 | D:2      | Reached XP level 4. HP: 23/23 MP: 7/7
  2186 | D:3      | You fall into a shaft and drop 3 floors!
  2192 | D:6      | Found a white marble altar of Elyvilon.
  2192 | D:6      | Found a shadowy altar of Dithmenos.
  2233 | D:6      | Reached XP level 5. HP: 23/27 MP: 9/9
  2256 | D:6      | Noticed an ogre
  2280 | D:6      | Killed an ogre
  2281 | D:6      | Reached skill level 7 in Stealth
  2342 | D:6      | Reached XP level 6. HP: 32/32 MP: 11/11
  2697 | D:6      | Reached XP level 7. HP: 36/36 MP: 13/13
  2730 | D:6      | Reached skill level 8 in Stealth
  2799 | D:5      | Entered Level 5 of the Dungeon
  2924 | D:4      | Found a staircase to the Ecumenical Temple.
  4229 | D:4      | Reached skill level 5 in Dodging
  4570 | D:4      | Identified the ring of Afreipuef {rPois rC+++ Str+3 SInv}
  4667 | D:4      | Found a shimmering altar of Xom.
  4843 | D:5      | Found an iron altar of Okawaru.
  4976 | Temple   | Entered the Ecumenical Temple
  5392 | D:5      | Reached skill level 5 in Short Blades
  5392 | D:5      | Reached XP level 8. HP: 42/42 MP: 14/16
  5717 | D:5      | Found a glowing silver altar of Zin.
  5865 | D:5      | Reached skill level 9 in Stealth
  5865 | D:5      | Reached skill level 5 in Spellcasting
  6250 | D:6      | Found an ornate altar of the Wu Jian Council.
  6255 | D:6      | Became a worshipper of the Wu Jian Council
  6380 | D:6      | HP: 2/42 [orc priest/divine providence (9)]
  6566 | D:6      | Found a burning altar of Makhleb.
  6889 | D:6      | Learned a level 3 spell: Dazzling Flash
  7019 | D:6      | Found a blossoming altar of Fedhas.
  7254 | D:6      | Reached skill level 1 in Hexes
  7807 | D:7      | Found a radiant altar of Vehumet.
  7810 | D:7      | Identified the +5 mace "Penuon" {drain, Will+}
  8167 | D:7      | Reached skill level 10 in Stealth
  8445 | D:7      | Reached XP level 9. HP: 45/46 MP: 18/18
  8535 | D:7      | Reached * piety under Wu Jian
  8879 | D:7      | Slain by a gnoll

Illustrated notes

Levels and vault maps discovered:
D:1:      minmay_arrival_three_doors, layout_basic
D:2:      minmay_inner_zag, layout_basic, st_stairs_9
D:3:      layout_basic, serial_co_window_serial, co_window_of_opportunity_a,
          co_window_paths_b, co_window_of_opportunity_a, co_window_cross_1,
          co_window_paths_a, co_window_corner_ca, co_window_broadway_b,
          co_window_broadway_a, co_window_of_opportunity_b,
          co_window_broadway_b, glass_columns_c, glass_columns_a,
          glass_columns_a, glass_columns_b, glass_columns_b
D:4:      layout_loops_cross, brannock_xom_greatest_gift, temple_fountains
D:5:      layout_layer_cave, zin_statuary, kennysheep_mini
D:6:      minmay_diamond_boxcup, layout_basic, lemuel_tele_altar,
          nzn_wu_jian_contemplation, nicolae_overflow_crystal_walls,
          gammafunk_temple_overflow_statue, minmay_misc_feat_pillars,
          bh_walls_and_bars
D:7:      layout_basic, mainiacjoe_overflow_paths, enter_ossuary_4
Temple:   jpeg_temple_clearing

Skill      XL: |  1  2  3  4  5  6  7  8 |
---------------+-------------------------+-----
Stealth        | 6 7 8 10 | 10.0
Spellcasting   | 1 2 3 4 5 |  5.5
Dodging        | 2 3 4 5 7 |  7.1
Fighting       | 2 3 4 |  4.7
Short Blades   | 3 4 5 6 |  6.2
Hexes          | 2 |  2.5
Throwing       | |  2.0

Action                   |  1- 3 |  4- 6 |  7- 9 || total
-------------------------+-------+-------+-------++-------
Melee: Dagger            |   113 |    99 |   467 ||   679
       Punch             |     1 |     4 |     9 ||    14
Throw: Dart              |       |    34 |    19 ||    53
Invok: Lunge             |       |       |    10 ||    10
  Use: Scroll            |       |       |    13 ||    13
       Potion            |       |       |     1 ||     1
 Stab: Sleeping          |     9 |     4 |    27 ||    40
       Distracted        |     2 |     1 |     2 ||     5
Armor: Robe              |     4 |     6 |    33 ||    43
Dodge: Dodged            |    84 |    65 |   272 ||   421

Table legend: (Time is in decaauts)
 A = Elapsed time spent in this place.
 B = Non-inter-level travel time spent in this place.
 C = Inter-level travel time spent in this place.
 D = Time resting spent in this place.
 E = Time spent auto-exploring this place.
 F = Levels seen in this place.
 G = Mean time per level.
                   A        B        C        D        E       F      G
               +--------+--------+--------+--------+--------+-----+--------+
         Total |   6181 |   5890 |    291 |    384 |   4256 |   8 |  772.6 |
       Dungeon |   6037 |   5763 |    274 |    352 |   4190 |   7 |  862.4 |
        Temple |    144 |    128 |     16 |     32 |     66 |   1 |  144.0 |
               +--------+--------+--------+--------+--------+-----+--------+

Top non-repeatable levels by time:
     D:6: 1517 daAuts
     D:5: 980 daAuts
     D:3: 849 daAuts
     D:2: 792 daAuts
     D:7: 784 daAuts
     D:4: 579 daAuts
     D:1: 534 daAuts
  Temple: 144 daAuts
